[Event "XIII Mediterranean Championship 2023"]
[Site "Castell-Platja d Aro"]
[Date "2023.11.04"]
[Round "1.23"]
[White "Domene Mulyukov, Alexander"]
[Black "Lunin Bohomolets, Iliia"]
[Result "1-0"]
[ECO "D41"]
[WhiteElo "2198"]
[BlackElo "1850"]
[Annotator "ChessBase"]
[PlyCount "35"]
[EventDate "2023.10.26"]
[EventType "swiss"]
[EventCountry "ESP"]
[SourceTitle "playchess.com"]
[Source "ChessBase"]
[SourceQuality "1"]
[TimeControl "5400+30"]

1. g3 Nf6 2. Bg2 e6 3. Nf3 c5 4. c4 Nc6 5. O-O Be7 6. Nc3 O-O 7. d4 d5 8. cxd5 Nxd5 9. Nxd5 Qxd5 10. Be3 Qf5 11. dxc5 Bxc5 12. g4 Qxg4 13. Bxc5 Rd8 14. Qc1 Rd5 15. Rd1 Rh5 16. b4 Qg6 17. Qb1 f5 18. b5 1-0

[Event "XIII Mediterranean Championship 2023"]
[Site "Castell-Platja d Aro"]
[Date "2023.11.04"]
[Round "1.24"]
[White "Teixidor Banus, Josep Maria"]
[Black "Valle Luis, Leo"]
[Result "0-1"]
[ECO "D00"]
[WhiteElo "1669"]
[BlackElo "2216"]
[Annotator "ChessBase"]
[PlyCount "72"]
[EventDate "2023.10.26"]
[EventType "swiss"]
[EventCountry "ESP"]
[SourceTitle "playchess.com"]
[Source "ChessBase"]
[SourceQuality "1"]
[TimeControl "5400+30"]

1. d4 Nf6 2. Bf4 g6 3. Nc3 d5 4. e3 Bg7 5. Be2 c6 6. Nf3 Nbd7 7. Ne5 Nxe5 8. Bxe5 Be6 9. O-O O-O 10. Bd3 Rc8 11. Na4 Nd7 12. Bxg7 Kxg7 13. b4 b6 14. Qd2 f6 15. f4 Bf7 16. f5 Re8 17. Rf3 e5 18. fxe6 Bxe6 19. e4 dxe4 20. Bxe4 Ne5 21. Rf2 Ng4 22. Re2 Bc4 23. Ree1 Qd6 24. g3 f5 25. Bf3 Nf6 26. c3 Bd5 27. Qf2 Bxf3 28. Qxf3 Ne4 29. g4 Ng5 30. Qg2 f4 31. Nb2 f3 32. Qg3 Qf6 33. Re5 Ne4 34. g5 f2+ 35. Kg2 f1=Q+ 36. Rxf1 Qxf1+ 0-1

[Event "XIII Mediterranean Championship 2023"]
[Site "Castell-Platja d Aro"]
[Date "2023.11.04"]
[Round "1.25"]
[White "Banos, Oscar"]
[Black "Giro Castellet, Esteve"]
[Result "1-0"]
[ECO "E14"]
[WhiteElo "2188"]
[BlackElo "1633"]
[Annotator "ChessBase"]
[PlyCount "56"]
[EventDate "2023.10.26"]
[EventType "swiss"]
[EventCountry "ESP"]
[SourceTitle "playchess.com"]
[Source "ChessBase"]
[SourceQuality "1"]
[TimeControl "5400+30"]

1. Nf3 d5 2. e3 Nf6 3. c4 e6 4. b3 Be7 5. Bb2 Nbd7 6. d4 b6 7. Bd3 c5 8. O-O O-O 9. Nc3 Bb7 10. Qe2 a6 11. Rfd1 Qc7 12. Rac1 dxc4 13. bxc4 cxd4 14. exd4 Bd6 15. Ne4 Bf4 16. Rc2 Nxe4 17. Bxe4 Bxe4 18. Qxe4 Nf6 19. Qd3 Rac8 20. g3 Bd6 21. Rdc1 Qb7 22. d5 Ng4 23. Ng5 g6 24. dxe6 Bc5 25. exf7+ Rxf7 26. Nxf7 Qxf7 27. Rf1 Rf8 28. Qc3 Qb7 1-0

[Event "XIII Mediterranean Championship 2023"]
[Site "Castell-Platja d Aro"]
[Date "2023.11.04"]
[Round "1.26"]
[White "Vidal Palou, Jordi"]
[Black "Lever, Erwan"]
[Result "0-1"]
[ECO "A45"]
[WhiteElo "1620"]
[BlackElo "2184"]
[Annotator "ChessBase"]
[PlyCount "84"]
[EventDate "2023.10.26"]
[EventType "swiss"]
[EventCountry "ESP"]
[SourceTitle "playchess.com"]
[Source "ChessBase"]
[SourceQuality "1"]
[TimeControl "5400+30"]

1. d4 Nf6 2. Bf4 c5 3. c3 Qb6 4. Bc1 d5 5. e3 g6 6. Nf3 Bg7 7. Be2 O-O 8. O-O Rd8 9. Nbd2 Nc6 10. Qb3 c4 11. Qxb6 axb6 12. b3 b5 13. b4 Bf5 14. Bb2 Nd7 15. Nh4 Be6 16. e4 Nb6 17. Bd1 dxe4 18. Nxe4 Bd5 19. Nc5 Ra7 20. a4 bxa4 21. Bxa4 Rda8 22. Bxc6 Bxc6 23. Rxa7 Rxa7 24. Ra1 Rxa1+ 25. Bxa1 Nd5 26. b5 Bxb5 27. Nxb7 e5 28. Nd6 Ba6 29. Nf3 exd4 30. cxd4 f5 31. Ne5 c3 32. g3 c2 33. Bb2 Nc3 34. Ne8 Ne2+ 35. Kg2 c1=Q 36. Bxc1 Nxc1 37. f4 Nb3 38. d5 Bb7 39. Nc6 Nd4 40. Nb4 Nb5 41. Kf1 Bc3 42. Nc6 Kf8 0-1

[Event "XIII Mediterranean Championship 2023"]
[Site "Castell-Platja d Aro"]
[Date "2023.11.05"]
[Round "2.1"]
[White "Jimenez Ruano, Adrian"]
[Black "Alsina Leal, Daniel"]
[Result "1/2-1/2"]
[ECO "D45"]
[WhiteElo "2281"]
[BlackElo "2531"]
[Annotator "RC"]
[PlyCount "104"]
[EventDate "2023.10.26"]
[EventType "swiss"]
[EventCountry "ESP"]
[SourceTitle "playchess.com"]
[Source "ChessBase"]
[SourceQuality "1"]
[TimeControl "5400+30"]

1. d4 d5 2. c4 e6 3. Nc3 c6 4. Nf3 Nf6 5. e3 Nbd7 6. Qc2 Bd6 7. b3 O-O 8. Be2 b6 9. O-O Bb7 10. Bb2 Qe7 11. Rad1 Rad8 12. Rfe1 Rfe8 13. g3 h6 14. Bf1 Bb4 15. a3 Bxc3 16. Bxc3 Ne4 17. Bb2 c5 18. dxc5 dxc4 19. c6 Bxc6 20. Nd4 Ba8 21. bxc4 Ng5 22. h4 Ne5 23. Bg2 Ngf3+ 24. Nxf3 Nxf3+ 25. Bxf3 Bxf3 26. Qc3 f6 27. Rxd8 Rxd8 28. e4 Bh5 29. e5 f5 30. a4 f4 31. Ba3 Qf7 32. Bd6 Qg6 33. Kh2 Qg4 34. c5 bxc5 35. Qxc5 fxg3+ 36. fxg3 Qxa4 37. Rf1 Qa6 38. Rf2 Rc8 39. Qe3 Bg4 40. Qf4 Bf5 41. Rb2 Qa1 42. Rf2 Rc1 43. Qf3 Qd4 44. g4 Bxg4 45. Qf7+ Kh7 46. Qf4 Qxf4+ 47. Rxf4 Bf5 48. Ra4 Rc3 49. Kg2 Rc2+ 50. Kg3 Rc3+ 51. Kg2 Rh3 52. Be7 Rc3 1/2-1/2

[Event "XIII Mediterranean Championship 2023"]
[Site "Castell-Platja d Aro"]
[Date "2023.11.05"]
[Round "2.2"]
[White "Martinez Pla, Xavier"]
[Black "Asis Gargatagli, Hipolito"]
[Result "1/2-1/2"]
[ECO "B90"]
[WhiteElo "2263"]
[BlackElo "2511"]
[Annotator "RC"]
[PlyCount "27"]
[EventDate "2023.10.26"]
[EventType "swiss"]
[EventCountry "ESP"]
[SourceTitle "playchess.com"]
[Source "ChessBase"]
[SourceQuality "1"]
[TimeControl "5400+30"]

1. e4 c5 2. Nf3 d6 3. d4 cxd4 4. Nxd4 Nf6 5. Nc3 a6 6. h3 g6 7. Be3 h5 8. Qd2 b5 9. a4 bxa4 10. Rxa4 Bg7 11. Bd3 Nbd7 12. Nb3 O-O 13. O-O Ne5 14. Be2 1/2-1/2

[Event "XIII Mediterranean Championship 2023"]
[Site "Castell-Platja d Aro"]
[Date "2023.11.05"]
[Round "2.3"]
[White "Gines Esteo, Pedro Antonio"]
[Black "Martin Barcelo, Carles"]
[Result "1-0"]
[ECO "A17"]
[WhiteElo "2490"]
[BlackElo "2242"]
[Annotator "RC"]
[PlyCount "69"]
[EventDate "2023.10.26"]
[EventType "swiss"]
[EventCountry "ESP"]
[SourceTitle "playchess.com"]
[Source "ChessBase"]
[SourceQuality "1"]
[TimeControl "5400+30"]

1. Nf3 Nf6 2. c4 e6 3. Nc3 d5 4. e3 b6 5. b3 Bb7 6. Bb2 Nbd7 7. cxd5 exd5 8. d4 Bd6 9. g3 O-O 10. Bg2 Ne4 11. O-O Nxc3 12. Bxc3 Qe7 13. Qc2 Nf6 14. Nd2 Ne4 15. Nxe4 dxe4 16. b4 Bd5 17. Rfb1 a6 18. b5 Qe6 19. bxa6 Rxa6 20. a4 g6 21. Bb4 Re8 22. Bf1 Ra7 23. Bb5 Re7 24. Ra3 h5 25. Rc3 h4 26. Bxd6 Qxd6 27. Rc1 h3 28. Qd1 Qb4 29. Qg4 c6 30. Qxh3 Kg7 31. Bxc6 Rec7 32. Qh4 Rxa4 33. Qd8 Ra1 34. Rxa1 Qxc3 35. Ra8 1-0

[Event "XIII Mediterranean Championship 2023"]
[Site "Castell-Platja d Aro"]
[Date "2023.11.05"]
[Round "2.4"]
[White "Ventura Bolet, Alexandre"]
[Black "Garriga Cazorla, Pere"]
[Result "0-1"]
[ECO "A11"]
[WhiteElo "2238"]
[BlackElo "2459"]
[Annotator "RC"]
[PlyCount "82"]
[EventDate "2023.10.26"]
[EventType "swiss"]
[EventCountry "ESP"]
[SourceTitle "playchess.com"]
[Source "ChessBase"]
[SourceQuality "1"]
[TimeControl "5400+30"]

1. Nf3 d5 2. e3 Nf6 3. c4 c6 4. Nc3 Nbd7 5. Qc2 e5 6. cxd5 Nxd5 7. a3 Bd6 8. Ne4 Bc7 9. Ng3 N7f6 10. Be2 Qe7 11. d3 h5 12. Bd2 a5 13. Rc1 h4 14. Ne4 h3 15. g3 O-O 16. Qc5 Qxc5 17. Rxc5 a4 18. Nxf6+ Nxf6 19. Ng5 Rd8 20. f4 exf4 21. gxf4 Nd5 22. Rg1 Bb6 23. Rxd5 cxd5 24. Rg3 Ba5 25. Nxh3 Bxh3 26. Rxh3 Rd6 27. Rh5 Rb6 28. Bxa5 Rxa5 29. Bf3 Rxb2 30. Bxd5 Kf8 31. e4 Rc5 32. Rh8+ Ke7 33. Bc4 b5 34. Rb8 Kd6 35. Rd8+ Kc7 36. Rd5 Rxd5 37. Bxd5 b4 38. axb4 a3 39. Bxf7 Rxh2 40. e5 a2 41. Bxa2 Rxa2 0-1

[Event "XIII Mediterranean Championship 2023"]
[Site "Castell-Platja d Aro"]
[Date "2023.11.05"]
[Round "2.5"]
[White "Garcia Ramos, Daniel"]
[Black "Rojano Alfonso, Carlos"]
[Result "1/2-1/2"]
[ECO "C64"]
[WhiteElo "2455"]
[BlackElo "2207"]
[Annotator "RC"]
[PlyCount "98"]
[EventDate "2023.10.26"]
[EventType "swiss"]
[EventCountry "ESP"]
[SourceTitle "playchess.com"]
[Source "ChessBase"]
[SourceQuality "1"]
[TimeControl "5400+30"]

1. e4 e5 2. Nf3 Nc6 3. Bb5 Bc5 4. c3 Nge7 5. O-O Bb6 6. d4 exd4 7. cxd4 d5 8. exd5 Nxd5 9. Re1+ Be6 10. Nc3 O-O 11. h3 Nxc3 12. bxc3 Bd5 13. a4 Ba5 14. Re3 Re8 15. Bd2 Qf6 16. Qe2 Rxe3 17. fxe3 Re8 18. Bd3 Qe7 19. Qf1 Qd7 20. Rb1 Bxf3 21. gxf3 Ne7 22. Rxb7 Bb6 23. Bb5 Qc8 24. Rxb6 axb6 25. Bxe8 Qxe8 26. Qc4 Qd7 27. e4 Ng6 28. Kg2 h5 29. Qb5 Qe6 30. Qxh5 Qa2 31. Qg5 Qxa4 32. h4 Qd1 33. Kf2 f6 34. Qd5+ Kh8 35. Ke3 Qg1+ 36. Kd3 Qf1+ 37. Kc2 Qxf3 38. h5 Nh4 39. h6 gxh6 40. Qd8+ Kh7 41. Qxc7+ Kg6 42. Qf4 Qxf4 43. Bxf4 Ng2 44. Bc7 h5 45. Bxb6 h4 46. Bc7 h3 47. Kd2 f5 48. exf5+ Kxf5 49. Bh2 Ke4 1/2-1/2

[Event "XIII Mediterranean Championship 2023"]
[Site "Castell-Platja d Aro"]
[Date "2023.11.05"]
[Round "2.6"]
[White "Vehi Bach, Victor Manuel"]
[Black "Alexakis, Dimitris"]
[Result "0-1"]
[ECO "B44"]
[WhiteElo "2216"]
[BlackElo "2458"]
[Annotator "RC"]
[PlyCount "60"]
[EventDate "2023.10.26"]
[EventType "swiss"]
[EventCountry "ESP"]
[SourceTitle "playchess.com"]
[Source "ChessBase"]
[SourceQuality "1"]
[TimeControl "5400+30"]

1. e4 c5 2. Nf3 e6 3. d4 cxd4 4. Nxd4 Nc6 5. Bf4 d6 6. Nxc6 bxc6 7. c4 Rb8 8. Qc2 c5 9. Qd2 e5 10. Be3 Ne7 11. Be2 Nc6 12. Bd1 Rb4 13. Nc3 Rxc4 14. a3 Be7 15. b3 Rd4 16. Bxd4 Nxd4 17. b4 Ba6 18. Ba4+ Kf8 19. b5 Bb7 20. O-O Bg5 21. Qd3 Qa5 22. Ra2 g6 23. Rb1 Kg7 24. Bb3 Nxb3 25. Rxb3 d5 26. exd5 c4 27. Qxc4 Rc8 28. Qd3 e4 29. Qg3 Bf6 30. Rc2 Bxd5 0-1

[Event "XIII Mediterranean Championship 2023"]
[Site "Castell-Platja d Aro"]
[Date "2023.11.05"]
[Round "2.7"]
[White "Eugene, Floryan"]
[Black "Domene Mulyukov, Alexander"]
[Result "1-0"]
[ECO "B45"]
[WhiteElo "2426"]
[BlackElo "2198"]
[Annotator "RC"]
[PlyCount "93"]
[EventDate "2023.10.26"]
[EventType "swiss"]
[EventCountry "ESP"]
[SourceTitle "playchess.com"]
[Source "ChessBase"]
[SourceQuality "1"]
[TimeControl "5400+30"]

1. e4 c5 2. Nf3 e6 3. d4 cxd4 4. Nxd4 Nf6 5. Nc3 Nc6 6. Ndb5 Bb4 7. a3 Bxc3+ 8. Nxc3 d5 9. exd5 exd5 10. Bd3 Bg4 11. f3 Be6 12. Bg5 h6 13. Bh4 O-O 14. O-O Qb6+ 15. Kh1 Nd7 16. Bf2 Qd8 17. f4 f5 18. Re1 Qf6 19. Qf3 Qf7 20. Qe2 Rae8 21. Nb5 Re7 22. Nc7 Nde5 23. Bc5 Rxc7 24. Bxf8 Nxd3 25. cxd3 Nd4 26. Qe5 Nc2 27. Rac1 Nxe1 28. Rxc7 Nxd3 29. Qxg7+ Qxg7 30. Bxg7 Nxf4 31. Rxb7 d4 32. Bxd4 Bd5 33. Rg7+ Kf8 34. Be5 h5 35. Rd7 Bxg2+ 36. Kg1 Bc6 37. Rc7 Nh3+ 38. Kf1 Be4 39. Bg7+ Kg8 40. Bh6 f4 41. Re7 Bh1 42. Rxa7 f3 43. Rg7+ Kh8 44. a4 h4 45. a5 f2 46. Rg2 Kh7 47. Be3 1-0

[Event "XIII Mediterranean Championship 2023"]
[Site "Castell-Platja d Aro"]
[Date "2023.11.05"]
[Round "2.8"]
[White "Valle Luis, Leo"]
[Black "Ayats Llobera, Gerard"]
[Result "0-1"]
[ECO "C63"]
[WhiteElo "2216"]
[BlackElo "2442"]
[Annotator "RC"]
[PlyCount "124"]
[EventDate "2023.10.26"]
[EventType "swiss"]
[EventCountry "ESP"]
[SourceTitle "playchess.com"]
[Source "ChessBase"]
[SourceQuality "1"]
[TimeControl "5400+30"]

1. e4 e5 2. Nf3 Nc6 3. Bb5 f5 4. d3 fxe4 5. dxe4 Nf6 6. Nc3 Bb4 7. Bg5 Bxc3+ 8. bxc3 d6 9. Qe2 Be6 10. Rd1 Qe7 11. O-O O-O 12. Nd2 h6 13. Bxf6 Rxf6 14. Bc4 Raf8 15. Rb1 Nd8 16. Bxe6+ Qxe6 17. Qc4 Qxc4 18. Nxc4 Kf7 19. Ne3 Ke6 20. f3 Kd7 21. Rfd1 b6 22. Ng4 Re6 23. Kf2 Kc6 24. Ke2 Re7 25. Ne3 Ref7 26. Nd5 Ne6 27. Nb4+ Kb7 28. Nd3 a5 29. Ke3 Kc6 30. a4 g5 31. Rd2 h5 32. Rf2 Nc5 33. Ra1 Rb8 34. c4 Ne6 35. c3 Nc5 36. Ne1 g4 37. Raa2 gxf3 38. Nxf3 Rbf8 39. g3 Kd7 40. Rf1 Ke8 41. Raa1 h4 42. Ra2 hxg3 43. hxg3 Rg7 44. Rg1 Rfg8 45. Rag2 Rg4 46. Nd2 Nxa4 47. Kd3 Kd7 48. Kc2 Nc5 49. Rh2 Rxg3 50. Rh7+ Kc6 51. Rf1 R8g7 52. Rh6 Rg2 53. Kc1 Re2 54. Nf3 Rxe4 55. Rd1 Re3 56. Rf6 Rxc3+ 57. Kb2 Rg2+ 58. Kb1 Kb7 59. Rf7 Rf2 60. Nxe5 Rxf7 61. Nxf7 Rxc4 62. Nd8+ Ka6 0-1

[Event "XIII Mediterranean Championship 2023"]
[Site "Castell-Platja d Aro"]
[Date "2023.11.05"]
[Round "2.9"]
[White "Gilevych, Artem"]
[Black "Banos, Oscar"]
[Result "1-0"]
[ECO "E14"]
[WhiteElo "2416"]
[BlackElo "2188"]
[Annotator "RC"]
[PlyCount "82"]
[EventDate "2023.10.26"]
[EventType "swiss"]
[EventCountry "ESP"]
[SourceTitle "playchess.com"]
[Source "ChessBase"]
[SourceQuality "1"]
[TimeControl "5400+30"]

1. Nf3 d5 2. d4 Nf6 3. c4 e6 4. e3 Nbd7 5. Bd3 b6 6. cxd5 exd5 7. O-O Bd6 8. Nc3 Bb7 9. b3 a6 10. Bb2 O-O 11. Rc1 Re8 12. Rc2 Ne4 13. Qc1 Rc8 14. Ba3 c5 15. Ne2 b5 16. dxc5 Ndxc5 17. Bxc5 Nxc5 18. Bf5 Rc7 19. Rd1 g6 20. Bh3 b4 21. Nfd4 Qe7 22. g3 Bc8 23. Bg2 Be6 24. Nf4 Bxf4 25. gxf4 Rec8 26. Qb1 Bg4 27. Rdc1 Qd7 28. Re1 Bh3 29. Bf3 Bg4 30. Bh1 Bh3 31. Bf3 Bg4 32. Bh1 Bh3 33. Qd1 Ne4 34. Rxc7 Rxc7 35. Bxe4 dxe4 36. f3 exf3 37. Qxf3 Rc3 38. Kf2 Qc8 39. Rg1 Bf5 40. Qd5 Rd3 41. Qe5 Bg4 1-0

[Event "XIII Mediterranean Championship 2023"]
[Site "Castell-Platja d Aro"]
[Date "2023.11.05"]
[Round "2.10"]
[White "Lever, Erwan"]
[Black "Narciso Dublan, Marc"]
[Result "1/2-1/2"]
[ECO "A90"]
[WhiteElo "2184"]
[BlackElo "2401"]
[Annotator "RC"]
[PlyCount "70"]
[EventDate "2023.10.26"]
[EventType "swiss"]
[EventCountry "ESP"]
[SourceTitle "playchess.com"]
[Source "ChessBase"]
[SourceQuality "1"]
[TimeControl "5400+30"]

1. d4 e6 2. c4 f5 3. g3 Nf6 4. Bg2 d5 5. Nf3 Bd6 6. O-O O-O 7. b3 b6 8. Bb2 Bb7 9. Nbd2 a5 10. a3 Ne4 11. Ne5 Bxe5 12. dxe5 Qe7 13. Nf3 dxc4 14. bxc4 Nc5 15. Qc2 Be4 16. Qc3 Na4 17. Qb3 Nxb2 18. Qxb2 Nc6 19. Rfc1 Rfd8 20. Ne1 Bxg2 21. Kxg2 Qc5 22. Nf3 h6 23. h4 a4 24. Rab1 Ra5 25. e3 Rd3 26. Rd1 Qxa3 27. Qxa3 Rxa3 28. Rd7 Rb3 29. Rbd1 a3 30. Rxc7 a2 31. Rdd7 a1=Q 32. Rxg7+ Kf8 33. Rh7 Kg8 34. Rhg7+ Kf8 35. Rh7 Kg8 1/2-1/2

[Event "XIII Mediterranean Championship 2023"]
[Site "Castell-Platja d Aro"]
[Date "2023.11.05"]
[Round "2.11"]
[White "Trepat Herranz, Joan"]
[Black "Fortuny Profitos, Jordi"]
[Result "1-0"]
[ECO "B47"]
[WhiteElo "2385"]
[BlackElo "2135"]
[Annotator "RC"]
[PlyCount "51"]
[EventDate "2023.10.26"]
[EventType "swiss"]
[EventCountry "ESP"]
[SourceTitle "playchess.com"]
[Source "ChessBase"]
[SourceQuality "1"]
[TimeControl "5400+30"]

1. e4 c5 2. Nf3 e6 3. d4 cxd4 4. Nxd4 Nc6 5. Nc3 Qc7 6. Qd3 a6 7. Nxc6 bxc6 8. Qg3 Qxg3 9. hxg3 d5 10. Bd3 Nf6 11. f3 Bd6 12. g4 h5 13. Bg5 Be5 14. O-O-O Bb7 15. Bxf6 Bxf6 16. gxh5 Bxc3 17. bxc3 c5 18. exd5 Bxd5 19. c4 Bc6 20. Kd2 Rb8 21. Ke3 Ke7 22. g4 f6 23. Rb1 Rxb1 24. Rxb1 Kd7 25. Rb6 Ra8 26. Rxc6 1-0

[Event "XIII Mediterranean Championship 2023"]
[Site "Castell-Platja d Aro"]
[Date "2023.11.05"]
[Round "2.12"]
[White "Rodriguez Redondo, Adhara"]
[Black "Lacasa Diaz, Jose Antonio"]
[Result "1-0"]
[ECO "B67"]
[WhiteElo "2117"]
[BlackElo "2353"]
[Annotator "RC"]
[PlyCount "80"]
[EventDate "2023.10.26"]
[EventType "swiss"]
[EventCountry "ESP"]
[SourceTitle "playchess.com"]
[Source "ChessBase"]
[SourceQuality "1"]
[TimeControl "5400+30"]

1. e4 c5 2. Nf3 d6 3. d4 cxd4 4. Nxd4 Nf6 5. Nc3 Nc6 6. Bg5 e6 7. Qd2 a6 8. O-O-O Bd7 9. Kb1 Nxd4 10. Qxd4 Be7 11. f3 Qc7 12. g4 b5 13. Bd3 O-O 14. h4 b4 15. Ne2 Rfc8 16. Ng3 Bb5 17. Nh5 e5 18. Qf2 Nxh5 19. gxh5 h6 20. Be3 Kh7 21. Rh2 Bxd3 22. Rxd3 a5 23. f4 Bf6 24. Rg2 Re8 25. f5 Rec8 26. Qd2 Ra6 27. Bg5 Qe7 28. Bxf6 Qxf6 29. Rdg3 Rac6 30. Qd1 a4 31. Qg1 Rg8 32. Rg4 Kh8 33. R2g3 Rc5 34. Qg2 Rc4 35. a3 bxa3 36. Rxa3 Rb4 37. Rag3 Rbb8 38. Ka2 d5 39. exd5 e4 40. c3 Qb6 1-0

[Event "XIII Mediterranean Championship 2023"]
[Site "Castell-Platja d Aro"]
[Date "2023.11.05"]
[Round "2.13"]
[White "Guillo Longares, Cecilia"]
[Black "Lazaro Pujol, Abel"]
[Result "0-1"]
[ECO "D38"]
[WhiteElo "2065"]
[BlackElo "2289"]
[Annotator "RC"]
[PlyCount "72"]
[EventDate "2023.10.26"]
[EventType "swiss"]
[EventCountry "ESP"]
[SourceTitle "playchess.com"]
[Source "ChessBase"]
[SourceQuality "1"]
[TimeControl "5400+30"]

1. d4 d5 2. c4 e6 3. Nc3 Bb4 4. Nf3 Nf6 5. cxd5 exd5 6. Bg5 h6 7. Bh4 Bf5 8. Qb3 Nc6 9. Bxf6 Qxf6 10. a3 Ba5 11. e3 O-O 12. Be2 Ne7 13. O-O Qb6 14. Qxb6 Bxb6 15. Na4 c6 16. Nxb6 axb6 17. Ne5 f6 18. Nd3 Nc8 19. Nf4 Nd6 20. g4 Bd7 21. h3 g5 22. Nh5 f5 23. gxf5 Bxf5 24. Kh2 Rae8 25. Ng3 Bg6 26. Rac1 Re7 27. a4 Kg7 28. b3 Rh8 29. Nh5+ Bxh5 30. Bxh5 Rf8 31. Kg2 Ne4 32. Rc2 Nd6 33. Rg1 Nf5 34. Kh2 Rf6 35. Kg2 Rxe3 36. fxe3 Nxe3+ 0-1

[Event "XIII Mediterranean Championship 2023"]
[Site "Castell-Platja d Aro"]
[Date "2023.11.05"]
[Round "2.14"]
[White "Iermito, Sebastian"]
[Black "Zvereva, Marija"]
[Result "1-0"]
[ECO "C10"]
[WhiteElo "2521"]
[BlackElo "2144"]
[Annotator "RC"]
[PlyCount "47"]
[EventDate "2023.10.26"]
[EventType "swiss"]
[EventCountry "ESP"]
[SourceTitle "playchess.com"]
[Source "ChessBase"]
[SourceQuality "1"]
[TimeControl "5400+30"]

1. e4 e6 2. d4 d5 3. Nd2 dxe4 4. Nxe4 Nd7 5. Nf3 Ngf6 6. Nxf6+ Nxf6 7. c3 Be7 8. Bd3 O-O 9. O-O b6 10. Qe2 Bb7 11. Bf4 c5 12. dxc5 Bxc5 13. Rad1 Qc8 14. Ne5 Rd8 15. Bg5 Be7 16. Rfe1 h6 17. Bh4 Nd5 18. Qh5 Rf8 19. Bxe7 Nxe7 20. Re3 f5 21. Bb5 Rf6 22. Rd7 a6 23. Rxe7 axb5 24. Rg3 1-0

[Event "XIII Mediterranean Championship 2023"]
[Site "Castell-Platja d Aro"]
[Date "2023.11.05"]
[Round "2.15"]
[White "Masague Artero, Guerau"]
[Black "Pla Almenar, Nel"]
[Result "1/2-1/2"]
[ECO "A92"]
[WhiteElo "2305"]
[BlackElo "2070"]
[Annotator "RC"]
[PlyCount "98"]
[EventDate "2023.10.26"]
[EventType "swiss"]
[EventCountry "ESP"]
[SourceTitle "playchess.com"]
[Source "ChessBase"]
[SourceQuality "1"]
[TimeControl "5400+30"]

1. d4 f5 2. g3 e6 3. Bg2 Nf6 4. Nf3 Be7 5. c4 d5 6. b3 Ne4 7. Bb2 Nc6 8. e3 h5 9. h4 Bf6 10. Nc3 Ne7 11. Qc2 Bd7 12. Rc1 c6 13. Ne2 Ng6 14. a3 Qc7 15. Nf4 Nxf4 16. exf4 dxc4 17. Qxc4 Qa5+ 18. b4 Qd5 19. Qc2 Qb5 20. Bf1 Qb6 21. Bc4 O-O 22. O-O a5 23. Qb3 Rfe8 24. Rfe1 Kf7 25. Ne5+ Bxe5 26. fxe5 axb4 27. axb4 Nd2 28. Qd1 Qxb4 29. Qxh5+ Kg8 30. Bc3 Qxc4 31. Bxd2 Qxd4 32. Bf4 Ra2 33. Rf1 c5 34. Rcd1 Qa4 35. Bh6 gxh6 36. Qg6+ Kh8 37. Qxh6+ Kg8 38. Qg6+ Kh8 39. h5 Bc6 40. Qf6+ Kg8 41. Rd8 Rxd8 42. Qxd8+ Kf7 43. Qf6+ Ke8 44. Qxe6+ Kd8 45. Qd6+ Kc8 46. Qf8+ Kc7 47. Qd6+ Kc8 48. Qf8+ Kc7 49. Qd6+ Kc8 1/2-1/2

[Event "XIII Mediterranean Championship 2023"]
[Site "Castell-Platja d Aro"]
[Date "2023.11.05"]
[Round "2.16"]
[White "Hernando Rodrigo, Julio Antonio"]
[Black "De Lomas Busquets, Alba"]
[Result "1/2-1/2"]
[ECO "D20"]
[WhiteElo "2202"]
[BlackElo "1873"]
[Annotator "RC"]
[PlyCount "63"]
[EventDate "2023.10.26"]
[EventType "swiss"]
[EventCountry "ESP"]
[SourceTitle "playchess.com"]
[Source "ChessBase"]
[SourceQuality "1"]
[TimeControl "5400+30"]

1. d4 d5 2. c4 dxc4 3. e4 Nc6 4. Nf3 Bg4 5. d5 Ne5 6. Bf4 Ng6 7. Be3 Ne5 8. Bd4 Bxf3 9. gxf3 Qd6 10. Nc3 O-O-O 11. Be2 e6 12. Kf1 a6 13. f4 Nd3 14. e5 Qd7 15. Bxd3 cxd3 16. d6 Qc6 17. Rg1 Qc4 18. Be3 cxd6 19. b3 Qc6 20. Rc1 Kb8 21. Qxd3 Ne7 22. a4 Qd7 23. Qd4 Nc6 24. Qb6 d5 25. Nb5 d4 26. Bxd4 axb5 27. Rxc6 Qxd4 28. Qc7+ Ka7 29. Qa5+ Kb8 30. Qc7+ Ka7 31. Qa5+ Kb8 32. Qc7+ 1/2-1/2

[Event "XIII Mediterranean Championship 2023"]
[Site "Castell-Platja d Aro"]
[Date "2023.11.05"]
[Round "2.17"]
[White "Garcia Jimenez, Francisco Javier"]
[Black "Moran Cabezas, Eric"]
[Result "1-0"]
[ECO "A36"]
[WhiteElo "2249"]
[BlackElo "1736"]
[Annotator "RC"]
[PlyCount "43"]
[EventDate "2023.10.26"]
[EventType "swiss"]
[EventCountry "ESP"]
[SourceTitle "playchess.com"]
[Source "ChessBase"]
[SourceQuality "1"]
[TimeControl "5400+30"]

1. c4 c5 2. Nc3 Nc6 3. g3 Nf6 4. Bg2 g6 5. d3 Bg7 6. e4 d6 7. Nge2 O-O 8. O-O Bd7 9. h3 Nd4 10. Be3 e5 11. f4 a6 12. Qd2 Re8 13. Rf2 b5 14. fxe5 dxe5 15. Bg5 Qb6 16. Bxf6 Bxf6 17. Nd5 Bg5 18. Qxg5 Qd8 19. Nf6+ Kg7 20. Nxe8+ Qxe8 21. Nxd4 cxd4 22. Raf1 1-0

[Event "XIII Mediterranean Championship 2023"]
[Site "Castell-Platja d Aro"]
[Date "2023.11.05"]
[Round "2.18"]
[White "Galvan Cipriani, Viviana"]
[Black "Andreu Lopez, Santiago"]
[Result "1-0"]
[ECO "E62"]
[WhiteElo "2077"]
[BlackElo "1834"]
[Annotator "NA RC"]
[PlyCount "49"]
[EventDate "2023.10.26"]
[EventType "swiss"]
[EventCountry "ESP"]
[SourceTitle "playchess.com"]
[Source "ChessBase"]
[SourceQuality "1"]
[TimeControl "5400+30"]

1. c4 Nf6 2. Nc3 g6 3. g3 Bg7 4. Bg2 O-O 5. d4 d6 6. Nf3 c6 7. O-O Qa5 8. e4 Qh5 9. e5 dxe5 10. Nxe5 Ng4 11. Nf3 Nf6 12. Re1 Re8 13. Bf4 Bh3 14. Qb3 Ng4 15. Rad1 Nd7 16. Qxb7 e5 17. Bxh3 Qxh3 18. Qxd7 Red8 19. Qxf7+ Kh8 20. dxe5 Rf8 21. Qe7 g5 22. Rd7 Rg8 23. Ne4 Bf8 24. Nexg5 Rxg5 25. Qxg5 1-0